 Dungeon Crawl Stone Soup version 0.30-a0-718-geaa24f58ff (webtiles) character file.

Game seed: 1652847600579166839

25 Irreverend the Magician (level 3, 0/25 HPs)
             Began as a Djinni Fire Elementalist on Jan 25, 2023.
             Killed from afar by an orc wizard (2 damage)
             ... with a puff of flame
             ... on level 3 of the Dungeon.
             The game lasted 00:03:50 (1478 turns).

Irreverend the Magician (Djinni Fire Elementalist)  Turns: 1478, Time: 00:03:51

Health: 0/25       AC:  2    Str:  7    XL:     3   Next: 20%
Gold:   127        EV: 12    Int: 18    God:
                   SH:  0    Dex: 13

rFire   + + .      SeeInvis .    (no weapon)
rCold   x . .      Faith    .    (no shield)
rNeg    . . .      Spirit   .    a - +0 robe
rPois   ∞          Reflect  .    (no helmet)
rElec   .          Harm     .    (no cloak)
rCorr   +          Rampage  .    (no gloves)
Will    .....                    (boots unavailable)
Stlth   ++                       (no amulet)
HPRegen 0.24/turn                i - ring of resist corrosion
MPRegen 0.00/turn                q - ring of resist corrosion

@: flying, very slightly contaminated
A: sickness immunity, fire resistance 2, cold vulnerability 1, float, innate
caster, HP casting, extra vitality 1
a: no special abilities


You were on level 3 of the Dungeon.
You visited 1 branch of the dungeon, and saw 3 of its levels.

You collected 127 gold pieces.

Inventory:

Armour
 a - a +0 robe (worn)
Jewellery
 i - a ring of resist corrosion (left hand)
 q - a ring of resist corrosion (right hand)
Scrolls
 d - a scroll of immolation {unknown}
 e - a scroll of amnesia {unknown}
 g - a scroll of fog {unknown}
 j - a scroll of teleportation {unknown}
 m - 2 scrolls of identify {unknown}
 o - a scroll of vulnerability {unknown}
 p - a scroll of magic mapping {unknown}
 r - a scroll of brand weapon {unknown}
Potions
 b - a potion of magic
 f - a potion of flight {unknown}
 h - 2 potions of curing {unknown}
 k - a potion of resistance {unknown}
 l - a potion of berserk rage {unknown}
 n - 4 potions of haste {unknown}


   Skills:
 + Level 2.8 Dodging
 - Level 1.9 Stealth
 * Level 2.9 Spellcasting


You couldn't memorise any spells.
You knew the following spells:

 Your Spells              Type           Power      Damage    Failure   Level
a - Foxfire               Conj/Fire      52%        2x1d6     4%          1
b - Scorch                Fire           26%        2d6       8%          2
c - Kindle Blastsparks    Fire/Tloc/Air  26%        2d12      16%         3
d - Inner Flame           Hex/Fire       13%        N/A       16%         3
e - Flame Wave            Conj/Fire      13%        2d6       45%         4
f - Beastly Appendage     Tmut           26%        N/A       4%          1
Your spell library was empty.

Dungeon Overview and Level Annotations

Branches:
Dungeon (3/15)

Altars:
Wu Jian


Innate Abilities, Weirdness & Mutations

You are immune to sickness and miasma.
You are immune to poison.
Your flesh is very heat resistant. (rF++)
You are vulnerable to cold. (rC-)
You float through the air rather than walking.
You learn spells naturally, not from books.
Your magical power is your life essence.
You have superior vitality. (+4 MHP)


Message History

The quokka attacks as you move away! The quokka bites you.
There is an open door here.
Casting: Scorch (safe; 8% risk of failure)
Confirm with . or Enter, or press ? or * to list all spells.
You miscast Scorch.
You are very lightly contaminated with residual magic.
Nothing appears to happen.
The quokka bites you but does no damage.
Casting: Scorch (safe; 8% risk of failure)
Confirm with . or Enter, or press ? or * to list all spells.
Flames lash the quokka.
You kill the quokka!
* * * LOW HITPOINT WARNING * * *
Casting: Scorch (safe; 8% risk of failure)
Confirm with . or Enter, or press ? or * to list all spells.
Flames lash the orc wizard.
The orc wizard is moderately wounded.
The orc wizard's fire resistance burns away.
* * * LOW HITPOINT WARNING * * *
Casting: Scorch (safe; 8% risk of failure)
Confirm with . or Enter, or press ? or * to list all spells.
Flames lash the orc wizard.
The orc wizard is burned terribly!
The orc wizard is severely wounded.
* * * LOW HITPOINT WARNING * * *
Casting: Scorch (safe; 8% risk of failure)
Confirm with . or Enter, or press ? or * to list all spells.
Flames lash the orc.
You kill the orc!
* * * LOW HITPOINT WARNING * * *
The orc wizard hits you with a +0 dagger.
* * * LOW HITPOINT WARNING * * *
Casting: Scorch (safe; 8% risk of failure)
Confirm with . or Enter, or press ? or * to list all spells.
You don't have enough health to cast this spell.
The air fills with toxic fumes!
As you read the scroll labelled NONWOS CEXEIK, it crumbles to dust.
It was a scroll of poison.
The orc wizard points at you and mumbles some strange words.
The puff of flame hits you. You resist.
You die...

#...........:.# #.#
#+###........## #.#
##......## ##.# #..###.##
##..# +##+##+.####.# #..##
..#§§#...##§# #.##
#+###'#§§###§§§§# #.#
..#.§§§§#§§#§§§§§§## ##<#
..'.§§§§§§o@§§§§§§§####..###
.#.§§§§#§§#§§§§§§§>.......#
#+###'#§§#§§§§§§##.......#
#.....#§§#####§###.......#
+##+##§##+ .#.# #.......#
§§.. #.#.# #.......# §§.[$#
#.#.# #.......#
+##+#####.#.###.#######
..........#######


You could see an orc wizard (combustible).

Vanquished Creatures
  A worm (D:2)
  2 orcs (D:3)
  2 endoplasms
  A giant cockroach (D:1)
  A hobgoblin (D:1)
  3 quokkas
  4 ball pythons
  2 bats
  A frilled lizard (D:2)
  A goblin (D:2)
  A kobold (D:2)
  A rat (D:3)
20 creatures vanquished.

Vanquished Creatures (others)
  32 foxfires
32 creatures vanquished.

Grand Total: 52 creatures vanquished

Notes
Turn   | Place    | Note
-------+----------+-------------------------------------------
     0 | D:1      | Irreverend the Djinni Fire Elementalist began the quest for
                  | the Orb.
     0 | D:1      | Irreverend set off with the following spells memorised:
                  | Foxfire, Scorch, Kindle Blastsparks, Inner Flame, Flame
                  | Wave.
     0 | D:1      | Reached XP level 1. HP: 15/15 MP: 0/0
   760 | D:2      | Reached XP level 2. HP: 16/21 MP: 0/0
  1444 | D:3      | Found an ornate altar of the Wu Jian Council.
  1446 | D:3      | Reached XP level 3. HP: 23/25 MP: 0/0
  1446 | D:3      | Learned a level 1 spell: Beastly Appendage
  1477 | D:3      | HP: 1/25 [orc wizard/+0 dagger (1)]
  1478 | D:3      | Killed from afar by an orc wizard

Illustrated notes

Levels and vault maps discovered:
D:1:      lightli_molten_gateway, layout_basic
D:2:      layout_basic, minmay_misc_feat_encased
D:3:      layout_rooms, mainiacjoe_overflow_24_doors, lemuel_tele_altar

Action                     || total
---------------------------++-------
   Cast: Foxfire           ||    22
         Scorch            ||    16
         Beastly Appendage ||     1
    Use: Scroll            ||     1
 Armour: Robe              ||     4
  Dodge: Dodged            ||     4

Table legend: (Time is in decaauts)
 A = Elapsed time spent in this place.
 B = Non-inter-level travel time spent in this place.
 C = Inter-level travel time spent in this place.
 D = Time resting spent in this place.
 E = Time spent auto-exploring this place.
 F = Levels seen in this place.
 G = Mean time per level.
                   A        B        C        D        E       F      G
               +--------+--------+--------+--------+--------+-----+--------+
         Total |   1476 |   1442 |     34 |     77 |   1160 |   3 |  492.0 |
       Dungeon |   1476 |   1442 |     34 |     77 |   1160 |   3 |  492.0 |
               +--------+--------+--------+--------+--------+-----+--------+

Top non-repeatable levels by time:
     D:1: 721 daAuts
     D:2: 546 daAuts
     D:3: 208 daAuts
